 Dungeon Crawl Stone Soup version 0.30-a0-223-gcb0039aa0c (webtiles) character file.

Game seed: 426088437982396426

29085 Lobster4 the Cleaver (level 13, -2/99 HPs)
             Began as a Gnoll Wanderer on Oct 10, 2022.
             Was an Elder of Trog.
             Slain by a sun demon (10 damage)
             ... summoned by an orc high priest
             ... on level 2 of the Orcish Mines.
             The game lasted 01:15:34 (16377 turns).

Lobster4 the Cleaver (Gnoll Wanderer)              Turns: 16377, Time: 01:15:34

Health: -2/99      AC: 18    Str: 18    XL:     13   Next: 43%
Magic:  25/25      EV: 11    Int: 15    God:    Trog [****..]
Gold:   686        SH: 19    Dex: 19    Spells: 29/29 levels left

rFire   . . .      SeeInvis .    a - +11 whip of the Evil Eye {drain, Dex+4}
rCold   + . .      Faith    .    V - +2 kite shield
rNeg    . . .      Spirit   .    B - +2 chain mail {rPois}
rPois   +          Reflect  +    J - +0 helmet
rElec   .          Harm     .    X - +0 cloak
rCorr   .          Rampage  .    r - +1 pair of gloves of Voeklav {rC+ Will+ Dex-4 Stlth+}
Will    +....                    (no boots)
Stlth   ++........               h - amulet of reflection
HPRegen 0.36/turn                w - +6 ring of dexterity
MPRegen 0.19/turn                l - +6 ring of intelligence

@: no status effects
A: fangs 1, strong nose, distributed training
a: Renounce Religion, Berserk, Trog's Hand, Brothers in Arms


You were on level 2 of the Orcish Mines.
You worshipped Trog.
Trog was greatly pleased with you.
You visited 4 branches of the dungeon, and saw 15 of its levels.
You also visited: Ossuary and Bailey.

You collected 1211 gold pieces.
You spent 525 gold pieces at shops.

Inventory:

Hand Weapons
 a - the +11 whip of the Evil Eye (weapon) {drain, Dex+4}
   (You found it on level 5 of the Dungeon)

   A truly terrible weapon, it drains the life of any living foe it strikes.
   Dex:       It affects your dexterity (+4).
 b - a +0 sling of venom
 o - a +0 broad axe
 v - a +2 vorpal flail
 z - a +2 vorpal hand axe
 D - a +3 vorpal trident
Missiles
 c - a throwing net
 e - 3 silver boomerangs
 p - 23 boomerangs (quivered)
 y - 3 datura-tipped darts
 M - 12 poisoned darts
Armour
 r - the +1 pair of gloves of Voeklav (worn) {rC+ Will+ Dex-4 Stlth+}
   (You bought it in a shop on level 1 of the Orcish Mines)

   Dex:       It affects your dexterity (-4).
   rC:        It protects you from cold.
   Will:      It increases your willpower.
   Stlth:     It makes you more stealthy.
 s - a +1 chain mail of cold resistance
 B - a +2 chain mail of poison resistance (worn)
 F - a +0 plate armour
 J - a +0 helmet (worn)
 V - a +2 kite shield (worn)
 X - a +0 cloak (worn)
Jewellery
 h - an amulet of reflection (around neck)
 j - a ring of fire
 l - a +6 ring of intelligence (right hand)
 w - a +6 ring of dexterity (left hand)
Wands
 P - a wand of charming (10)
 S - a wand of mindburst (5)
 T - a wand of polymorph (12)
Scrolls
 d - a scroll of blinking
 f - 3 scrolls of butterflies
 k - 4 scrolls of immolation
 n - a scroll of teleportation
 A - 3 scrolls of enchant weapon
 G - a scroll of fear
Potions
 g - 3 potions of brilliance
 i - 2 potions of resistance
 m - 6 potions of curing
 q - 3 potions of lignification
 t - 5 potions of haste {unknown}
 x - a potion of heal wounds
 C - 2 potions of magic
 E - a potion of invisibility
 H - a potion of might
 N - a potion of flight
 O - 2 potions of ambrosia


   Skills:
 + Level 8.6 Fighting
 + Level 8.6 Short Blades
 + Level 8.6 Long Blades
 + Level 12.0 Axes
 + Level 8.6 Maces & Flails
 + Level 8.6 Polearms
 + Level 8.6 Staves
 + Level 8.6 Ranged Weapons
 + Level 8.6 Throwing
 + Level 9.8 Armour
 + Level 9.0 Dodging
 + Level 8.6 Stealth
 + Level 8.6 Shields
 + Level 9.8 Unarmed Combat
 + Level 8.6 Spellcasting
 + Level 7.1 Conjurations
 + Level 7.1 Hexes
 + Level 7.1 Summonings
 + Level 7.1 Necromancy
 + Level 7.1 Translocations
 + Level 7.1 Transmutations
 + Level 7.1 Fire Magic
 + Level 7.1 Ice Magic
 + Level 7.1 Air Magic
 + Level 7.1 Earth Magic
 + Level 7.1 Poison Magic
 + Level 9.4 Invocations
 + Level 9.0 Evocations


You had 29 spell levels left.
You didn't know any spells.
Your spell library contained the following spells:

 Spells                   Type           Power      Damage    Failure   Level
 Beastly Appendage        Tmut           54%        N/A       13%         1
 Wereblood                Tmut           27%        N/A       19%         2
 Kindle Blastsparks       Fire/Tloc/Air  54%        2d14      36%         3
 Spider Form              Tmut/Pois      27%        N/A       36%         3
 Fulminant Prism          Conj/Hex       13%        3d9       77%         4
 Iskenderun's Mystic Bla  Conj/Tloc      27%        2d7       77%         4
 Lee's Rapid Deconstruct  Erth           13%        3d10*     98%         5


Dungeon Overview and Level Annotations

Branches:
Dungeon (10/15)            Temple (1/1) D:7            Lair (2/5) D:8
    Orc (2/2) D:10            Elf (0/3) Orc:2       Ossuary (visited)
 Bailey (visited)
  Swamp: Lair:2-3    Shoals: Lair:2-3     Snake: Lair:2-3    Spider: Lair:2-3

Altars:
Ashenzari
Cheibriados
Elyvilon
Fedhas
Gozag
Hepliaklqana
Kikubaaqudgha
Makhleb
Nemelex Xobeh
Okawaru
Qazlal
Ru
Sif Muna
Trog
Uskayaw
Vehumet
Wu Jian
Xom
Yredelemnul
Zin

Shops:
D:1 =   D:5 *   Orc:1 [   Orc:2 ***

Annotations:
D:5 3 runed translucent doors, trickyswaf's ghost, novice KoRe
D:7 Maggie
D:8 5 runed translucent doors, pokeman's ghost, novice DEHW
Lair:2 1 transporter, Amaemon; Fannar


Innate Abilities, Weirdness & Mutations

You have very sharp teeth.
Your uncanny sense of smell can sniff out nearby items.
Your experience applies equally to all skills.


Message History

The orc warrior is almost dead.
You closely miss the orc warrior.
The orc warrior is almost dead.
The orc warrior closely misses you.
You whack the orc warrior!
You kill the orc warrior!
Trog accepts your kill.
The orc high priest utters an invocation to Beogh.
You hit the orc high priest.
The orc high priest is lightly wounded.
The orc high priest calls down the wrath of Beogh upon you.
Beogh smites you! You block the sun demon's attack.
You whack the orc high priest!
The orc high priest is moderately wounded.
You block the chaos spawn's attack. You block the orc high priest's attack.
The sun demon hits you!
You are engulfed in flames!
You barely miss the orc high priest.
The orc high priest is moderately wounded.
The chaos spawn hits you but does no damage.
You block the sun demon's attack.
You whack the orc high priest! You drain the orc high priest.
The orc high priest is heavily wounded.
The orc high priest hits you but does no damage.
You block the chaos spawn's attack. The sun demon hits you!
You are engulfed in flames!!
You whack the orc high priest! You drain the orc high priest.
You bite the orc high priest.
The orc high priest is almost dead.
The orc high priest mumbles some strange prayers to Beogh.
The chaos spawn gores you but does no damage.
You block the sun demon's attack.
You closely miss the orc high priest.
The orc high priest is almost dead.
The orc high priest calls down the wrath of Beogh upon you.
Beogh smites you!
* * * LOW HITPOINT WARNING * * *
The sun demon hits you!
* * * LOW HITPOINT WARNING * * *
You are engulfed in flames!
You die...

##.[#### #...
##).###.## ###.
##..###...## #>
##..###.#.#.## ##
##.)###...#)).##
###.
##.[###[..###...##
##...
#.)###.).##.##...##
#....
..)..[..##..o##3).##
#.... ...#...##
#..##@4.## ###....
.#....## #..##o#.##
#...... .)...##
#..).(..## ##.....
.#..## ##)#.....#
##.... .....##
#)......## ##...
.#....## #..##.#.##
###. .[.#)..##
#..##...## ##
).......##...##...#
#.
#.[###...##.##4..##
##.


You could see an orc high priest (drained), a sun demon (summoned) and a chaos
spawn (summoned).

Vanquished Creatures
  Josephine (Orc:1)
  2 vault guards (Bailey)
  A catoblepas (Lair:1)
  2 two-headed ogres
  2 orc high priests (Orc:2)
  A sixfirhy (Orc:2)
  4 orc sorcerers (Orc:2)
  4 orc knights
  3 black mambas (Lair:1)
  A rust devil (Orc:2)
  An orange demon (Orc:2)
  2 cane toads (Lair:1)
  An unseen horror (D:10)
  2 komodo dragons (Lair:1)
  An ice devil (Orc:2)
  4 trolls
  Prince Ribbit (Bailey)
  Grinder (D:4)
  3 blink frogs (Lair:1)
  3 wraiths (Orc:2)
  A vampire (D:10)
  5 wyverns
  26 yaks
  2 steam dragons
  7 humans (Bailey)
  Menkaure (D:7)
  Grum (D:8)
  A chaos spawn (Orc:2)
  Edmund (D:4)
  4 water moccasins
  29 orc warriors
  An ice beast (D:5)
  3 black bears
  6 ogres
  A centaur (D:9)
  4 wolves (D:8)
  3 phantoms
  A kobold brigand (D:9)
  16 bullfrogs
  2 gnoll sergeants
  A necrophage (D:6)
  2 scorpions
  6 howler monkeys
  An electric eel (Lair:1)
  22 orc priests
  8 hounds
  2 jellies
  3 human zombies (Ossuary)
  Crazy Yiuf (D:3)
  2 iguanas (D:7)
  16 orc wizards
  3 mummies (Ossuary)
  Robin (D:4)
  13 gnolls
  9 adders
  A shadow imp (D:7)
  3 white imps
  A dart slug (D:3)
  104 orcs
  4 endoplasms
  6 giant cockroaches
  2 gnoll zombies (Ossuary)
  17 goblins
  17 hobgoblins
  7 jackals
  3 quokkas
  8 ball pythons
  A bat (D:1)
  A frilled lizard (D:1)
  A goblin zombie (Ossuary)
  A hobgoblin zombie (Ossuary)
  13 kobolds
  A kobold zombie (Ossuary)
  3 rats
439 creatures vanquished.

Vanquished Creatures (collateral kills)
  An orc high priest (Orc:2)
  An orc (D:10)
2 creatures vanquished.

Vanquished Creatures (others)
  An orc sorcerer (Orc:2)
  An orc warrior (Orc:2)
  An orc wizard (D:10)
  2 fungi (D:5)
  5 plants
  4 withered plants (D:3)
14 creatures vanquished.

Grand Total: 455 creatures vanquished

Notes
Turn   | Place    | Note
-------+----------+-------------------------------------------
     0 | D:1      | Lobster4 the Gnoll Wanderer began the quest for the Orb.
     0 | D:1      | Lobster4 set off with the following items: a +2 hand axe, a
                  | scroll of butterflies, a +0 scale mail, a scroll of
                  | blinking.
     0 | D:1      | Reached XP level 1. HP: 13/13 MP: 1/1
   170 | D:1      | Reached XP level 2. HP: 19/19 MP: 2/2
   382 | D:1      | Reached XP level 3. HP: 20/25 MP: 3/3
   441 | D:1      | Found Cyrphudd's Jewellery Emporium.
   585 | D:2      | Reached skill level 1 in Invocations
   638 | D:2      | Reached skill level 1 in Fighting
   638 | D:2      | Reached skill level 1 in Short Blades
   638 | D:2      | Reached skill level 1 in Long Blades
   638 | D:2      | Reached skill level 1 in Maces & Flails
   638 | D:2      | Reached skill level 1 in Polearms
   638 | D:2      | Reached skill level 1 in Staves
   638 | D:2      | Reached skill level 1 in Ranged Weapons
   638 | D:2      | Reached skill level 1 in Throwing
   638 | D:2      | Reached skill level 1 in Stealth
   638 | D:2      | Reached skill level 1 in Shields
   638 | D:2      | Reached skill level 1 in Spellcasting
   770 | D:2      | Reached XP level 4. HP: 29/32 MP: 5/5
   821 | D:2      | Reached skill level 1 in Conjurations
   821 | D:2      | Reached skill level 1 in Hexes
   821 | D:2      | Reached skill level 1 in Summonings
   821 | D:2      | Reached skill level 1 in Necromancy
   821 | D:2      | Reached skill level 1 in Translocations
   821 | D:2      | Reached skill level 1 in Transmutations
   821 | D:2      | Reached skill level 1 in Fire Magic
   821 | D:2      | Reached skill level 1 in Ice Magic
   821 | D:2      | Reached skill level 1 in Air Magic
   821 | D:2      | Reached skill level 1 in Earth Magic
   821 | D:2      | Reached skill level 1 in Poison Magic
  1462 | D:3      | Found an ancient bone altar of Kikubaaqudgha.
  1628 | D:3      | Found a faded altar of an unknown god.
  1751 | D:3      | Found a runed translucent door.
  1752 | D:3      | Noticed Crazy Yiuf
  2116 | D:4      | Reached XP level 5. HP: 37/37 MP: 7/7
  2168 | D:4      | Noticed Edmund
  2172 | D:4      | Killed Edmund
  2173 | D:4      | Reached XP level 6. HP: 44/44 MP: 8/8
  2185 | D:4      | Found a sand-covered staircase.
  2197 | D:4      | Reached skill level 5 in Armour
  2197 | D:4      | Reached skill level 5 in Unarmed Combat
  2271 | Ossuary  | Entered an ossuary
  2658 | D:4      | Found an ornate altar of the Wu Jian Council.
  2669 | D:4      | Reached XP level 7. HP: 50/50 MP: 10/10
  2719 | D:4      | Noticed Grinder
  3118 | D:4      | Noticed Robin
  3159 | D:4      | Killed Robin
  3370 | D:4      | Killed Grinder
  3371 | D:4      | Reached skill level 9 in Axes
  3433 | D:5      | Entered Level 5 of the Dungeon
  3478 | D:5      | Identified the +11 whip of the Evil Eye {drain, Dex+4}
  3556 | D:5      | Reached XP level 8. HP: 52/58 MP: 12/12
  3987 | D:5      | Found a runed translucent gate.
  3987 | D:5      | Found a runed translucent gate.
  3987 | D:5      | Found a runed translucent gate.
  3988 | D:5      | Noticed trickyswaf's ghost (novice KoRe)
  4067 | D:5      | Found Bash's General Store.
  4091 | D:5      | Bought a potion of heal wounds for 65 gold pieces
  4091 | D:5      | Bought a +0 pair of gloves for 58 gold pieces
  4337 | D:6      | Found a radiant altar of Vehumet.
  4337 | D:6      | Found a sparkling altar of Nemelex Xobeh.
  4394 | D:6      | Noticed a wyvern
  4406 | D:6      | Killed a wyvern
  4579 | D:5      | Bought a scroll of identify for 26 gold pieces
  4690 | D:6      | Found a snail-covered altar of Cheibriados.
  4738 | D:6      | Reached XP level 9. HP: 56/65 MP: 13/15
  4934 | D:6      | Found a burning altar of Makhleb.
  4987 | D:6      | Reached skill level 5 in Dodging
  4987 | D:6      | Reached skill level 5 in Evocations
  5417 | D:7      | Found a flagged portal.
  5428 | Bailey   | Entered a bailey
  5441 | Bailey   | Reached skill level 5 in Invocations
  5689 | Bailey   | Reached skill level 5 in Fighting
  5689 | Bailey   | Reached skill level 5 in Short Blades
  5689 | Bailey   | Reached skill level 5 in Long Blades
  5689 | Bailey   | Reached skill level 5 in Maces & Flails
  5689 | Bailey   | Reached skill level 5 in Polearms
  5689 | Bailey   | Reached skill level 5 in Staves
  5689 | Bailey   | Reached skill level 5 in Ranged Weapons
  5689 | Bailey   | Reached skill level 5 in Throwing
  5689 | Bailey   | Reached skill level 5 in Stealth
  5689 | Bailey   | Reached skill level 5 in Shields
  5689 | Bailey   | Reached skill level 5 in Spellcasting
  5689 | Bailey   | Reached XP level 10. HP: 57/74 MP: 17/17
  5699 | Bailey   | Reached skill level 10 in Axes
  5786 | Bailey   | Noticed Prince Ribbit
  5786 | Bailey   | Noticed a vault guard
  5819 | Bailey   | Killed a vault guard
  5866 | Bailey   | Killed Prince Ribbit
  5969 | Bailey   | Noticed a vault guard
  6002 | Bailey   | Killed a vault guard
  6247 | D:7      | Noticed Menkaure
  6257 | D:7      | Killed Menkaure
  6487 | D:7      | Noticed Maggie
  6495 | D:7      | Found an opulent altar of Gozag.
  6738 | D:8      | Found a staircase to the Lair.
  6976 | D:8      | Found a large runed translucent door.
  6976 | D:8      | Found a large runed translucent door.
  6986 | D:8      | Found a runed translucent gate.
  6986 | D:8      | Found a runed translucent gate.
  7004 | D:8      | Noticed Grum
  7364 | D:8      | Found an opulent altar of Gozag.
  7365 | D:8      | Found a runed translucent gate.
  7367 | D:8      | Noticed a centaur warrior
  7367 | D:8      | Noticed a manticore
  7367 | D:8      | Noticed pokeman's ghost (novice DEHW)
  7401 | D:8      | Killed Grum
  7402 | D:8      | Reached skill level 5 in Conjurations
  7402 | D:8      | Reached skill level 5 in Hexes
  7402 | D:8      | Reached skill level 5 in Summonings
  7402 | D:8      | Reached skill level 5 in Necromancy
  7402 | D:8      | Reached skill level 5 in Translocations
  7402 | D:8      | Reached skill level 5 in Transmutations
  7402 | D:8      | Reached skill level 5 in Fire Magic
  7402 | D:8      | Reached skill level 5 in Ice Magic
  7402 | D:8      | Reached skill level 5 in Air Magic
  7402 | D:8      | Reached skill level 5 in Earth Magic
  7402 | D:8      | Reached skill level 5 in Poison Magic
  7402 | D:8      | Reached XP level 11. HP: 68/81 MP: 20/20
  7924 | D:9      | Identified the +1 leather armour of the Hall of Blades
                  | {*Slow Dex+6 SInv}
  8282 | D:9      | Noticed a two-headed ogre
  8303 | D:9      | Killed a two-headed ogre
  8493 | D:9      | Found a hazy altar of Hepliaklqana.
  9042 | D:7      | Found a staircase to the Ecumenical Temple.
  9053 | Temple   | Entered the Ecumenical Temple
  9241 | Temple   | Became a worshipper of Trog the Wrathful
  9757 | D:3      | Killed Crazy Yiuf
  9956 | D:10     | Entered Level 10 of the Dungeon
 10010 | D:10     | Found a staircase to the Orcish Mines.
 10023 | D:10     | Reached * piety under Trog
 10549 | D:10     | Reached ** piety under Trog
 10887 | D:10     | Reached skill level 11 in Axes
 11178 | Lair:1   | Entered Level 1 of the Lair of Beasts
 11280 | Lair:1   | Noticed a catoblepas
 11300 | Lair:1   | Killed a catoblepas
 11301 | Lair:1   | Reached XP level 12. HP: 67/91 MP: 22/22
 12219 | Lair:2   | Noticed Fannar
 12263 | Lair:2   | Found a transporter.
 12316 | Lair:2   | Noticed Amaemon
 12450 | Orc:1    | Entered Level 1 of the Orcish Mines
 12518 | D:10     | Reached *** piety under Trog
 12727 | Orc:1    | Noticed a two-headed ogre
 12738 | D:10     | Killed a two-headed ogre
 13210 | Orc:1    | You fall into a shaft and drop 1 floor!
 13210 | Orc:2    | Entered Level 2 of the Orcish Mines
 13252 | Orc:2    | Found Boyrhol's CLEARANCE SALE!.
 13695 | Orc:2    | Found a staircase to the Elven Halls.
 13830 | Orc:1    | Noticed Josephine
 14192 | Orc:1    | Killed Josephine
 14345 | Orc:1    | Found a bloodstained altar of Trog.
 14576 | Orc:1    | Found Guriutzipha's Armour Emporium.
 14579 | Orc:1    | Bought the +1 pair of gloves of Voeklav {rC+ Will+ Dex-4
                  | Stlth+} for 352 gold pieces
 14840 | Orc:2    | Reached **** piety under Trog
 15086 | Orc:2    | Reached XP level 13. HP: 88/98 MP: 25/25
 15586 | Orc:2    | Found Puow's General Store.
 15607 | Orc:2    | Found Seyleer's General Store.
 15675 | Orc:2    | Bought a scroll of identify for 24 gold pieces
 16313 | Orc:2    | Reached skill level 12 in Axes
 16377 | Orc:2    | Slain by a sun demon

Illustrated notes

Levels and vault maps discovered:
D:1:      dpeg_arrival_shrine, layout_rooms, serial_shops, nicolae_shop_stone,
          serial_park_tiny_2
D:2:      layout_basic
D:3:      layout_rooms, kiku_gazebo_garden_becter,
          ebering_ecumenical_altar_webs, kennysheep_minor_cross,
          uniq_crazy_yiuf_cottage
D:4:      layout_rooms, nicolae_wu_jian_wuxing_cycle,
          chequers_ossuary_entry_cave, uniq_grinder, uniq_robin, uniq_edmund
D:5:      layout_cave_pods, ebering_ghost_rock_garden, serial_shops,
          nicolae_diamond_shop, dreamdust_princess_corridor,
          dreamdust_gnoll_farm
D:6:      wander_river, layout_rooms, gammafunk_temple_overflow_wave,
          marbit_many_paths, nicolae_overflow_crystal_walls, st_stairs_1
D:7:      layout_basic, grunt_gozag_statues, temple_hall, enter_bailey_2,
          sigmund_army, uniq_menkaure, uniq_maggie
D:8:      layout_loops_corners, jmf_multi_god_temple2,
          grunt_lair_entry_orc_guard_hut, ebering_ghost_gozag, minivault_11,
          uniq_grum
D:9:      layout_loops_ring, lemuel_doored_altar
D:10:     layout_roguey, hiddenorc2_lemuel, minmay_holes
Temple:   minmay_temple_bridge_abc
Lair:1:   layout_chaotic_city, nicolae_quartered_pool_little,
          serial_bayou_pond_b, infiniplex_staircase_pool_2
Lair:2:   layout_gridlike, gammafunk_ghost_arena, uniq_fannar, uniq_amaemon
Orc:1:    layout_caves, basic_altar, serial_shops, nicolae_shop_behind_doors,
          minmay_orc_temple_b, uniq_josephine
Orc:2:    pf_orc_diabolical, layout_diamond_mine, nicolae_shop_clearance

Skill      XL: |  1  2  3  4  5  6  7  8  9 10 11 12 13 |
---------------+----------------------------------------+-----
Invocations    | 1 2 3 4 5 6 7 8 9 |  9.4
Fighting       | 1 2 3 4 5 6 7 8 |  8.6
Short Blades   | 1 2 3 4 5 6 7 8 |  8.6
Long Blades    | 1 2 3 4 5 6 7 8 |  8.6
Maces & Flails | 1 2 3 4 5 6 7 8 |  8.6
Polearms       | 1 2 3 4 5 6 7 8 |  8.6
Staves         | 1 2 3 4 5 6 7 8 |  8.6
Ranged Weapons | 1 2 3 4 5 6 7 8 |  8.6
Throwing       | 1 2 3 4 5 6 7 8 |  8.6
Stealth        | 1 2 3 4 5 6 7 8 |  8.6
Shields        | 1 2 3 4 5 6 7 8 |  8.6
Spellcasting   | 1 2 3 4 5 6 7 8 |  8.6
Conjurations   | 1 2 3 4 5 6 7 |  7.1
Hexes          | 1 2 3 4 5 6 7 |  7.1
Summonings     | 1 2 3 4 5 6 7 |  7.1
Necromancy     | 1 2 3 4 5 6 7 |  7.1
Translocations | 1 2 3 4 5 6 7 |  7.1
Transmutations | 1 2 3 4 5 6 7 |  7.1
Fire Magic     | 1 2 3 4 5 6 7 |  7.1
Ice Magic      | 1 2 3 4 5 6 7 |  7.1
Air Magic      | 1 2 3 4 5 6 7 |  7.1
Earth Magic    | 1 2 3 4 5 6 7 |  7.1
Poison Magic   | 1 2 3 4 5 6 7 |  7.1
Dodging        | 3 4 5 6 7 8 9 |  9.0
Evocations     | 3 4 5 6 7 8 9 |  9.0
Armour         | 5 6 7 8 9 |  9.8
Unarmed Combat | 5 6 7 8 9 |  9.8
Axes           | 9 10 11 12 | 12.0

Action                   |  1- 3 |  4- 6 |  7- 9 | 10-12 | 13-15 || total
-------------------------+-------+-------+-------+-------+-------++-------
Melee: Hand axe          |    62 |   118 |    79 |       |       ||   259
       Bite              |     6 |    22 |    30 |   123 |    25 ||   206
       Punch             |       |     3 |     8 |     9 |       ||    20
       Whip              |       |       |   199 |   849 |   149 ||  1197
 Fire: Sling             |    55 |    33 |    32 |    98 |    50 ||   268
Throw: Boomerang         |       |     1 |     5 |    24 |       ||    30
       Dart              |       |       |       |    17 |     3 ||    20
Evoke: Wand              |       |     4 |     2 |    23 |    11 ||    40
  Use: Scroll            |       |     4 |     8 |    12 |     1 ||    25
       Potion            |       |       |     1 |     5 |       ||     6
 Stab: Distracted        |       |     1 |       |     1 |     1 ||     3
       Sleeping          |       |       |     1 |     3 |       ||     4
       Held in net/web   |       |       |       |     1 |       ||     1
Armor: Scale mail        |    40 |    39 |    86 |    21 |       ||   186
       Plate armour      |       |       |       |    58 |       ||    58
       Chain mail        |       |       |       |   128 |    21 ||   149
Dodge: Dodged            |    46 |    34 |   146 |   184 |    11 ||   421
Block: Other             |       |     9 |    43 |    38 |       ||    90
       Kite shield       |       |       |       |   561 |    96 ||   657
       Reflection        |       |       |       |    10 |     2 ||    12

Table legend: (Time is in decaauts)
 A = Elapsed time spent in this place.
 B = Non-inter-level travel time spent in this place.
 C = Inter-level travel time spent in this place.
 D = Time resting spent in this place.
 E = Time spent auto-exploring this place.
 F = Levels seen in this place.
 G = Mean time per level.
                   A        B        C        D        E       F      G
               +--------+--------+--------+--------+--------+-----+--------+
         Total |  16342 |  15132 |   1210 |   2994 |   7161 |  17 |  961.3 |
       Dungeon |  10275 |   9364 |    911 |   1467 |   5302 |  10 | 1027.5 |
        Temple |    211 |    189 |     22 |      0 |    167 |   1 |  211.0 |
          Lair |   1181 |   1052 |    129 |    220 |    523 |   2 |  590.5 |
  Orcish Mines |   3610 |   3463 |    147 |    908 |   1168 |   2 | 1805.0 |
       Ossuary |    353 |    353 |      0 |    100 |      0 |   1 |  353.0 |
        Bailey |    710 |    710 |      0 |    299 |      0 |   1 |  710.0 |
               +--------+--------+--------+--------+--------+-----+--------+

Top non-repeatable levels by time:
   Orc:2: 2340 daAuts
    D:10: 1513 daAuts
     D:7: 1288 daAuts
   Orc:1: 1270 daAuts
  Lair:1: 1150 daAuts
     D:8: 1136 daAuts
     D:9: 1069 daAuts
     D:6: 1069 daAuts
     D:5: 984 daAuts
     D:4: 951 daAuts
     D:2: 905 daAuts
     D:3: 786 daAuts
  Bailey: 710 daAuts
     D:1: 571 daAuts
 Ossuary: 353 daAuts
